 Dungeon Sprint DCSS version 0.17-a0-1508-ge7f3dc3 (webtiles) character file.

13390 Kidiri the Unseen (level 11, -3/47 HPs)
             Began as a Spriggan Enchanter on July 10, 2015.
             Was the Champion of Dithmenos.
             Slain by an electric golem (5 damage)
             ... in the Dungeon (Sprint II: "The Violet Keep of Menkaure").
             The game lasted 00:24:24 (2779 turns).

Kidiri the Unseen (Spriggan Enchanter)              Turns: 2779, Time: 00:24:26

Health: -3/47      AC:  6    Str: 21    XL:     11   Next: 75%
Magic:  30/30      EV: 38    Int: 17    God:    Dithmenos [******]
Gold:   1038       SH:  0    Dex: 24    Spells: 11 memorised, 10 levels left

rFire  + . .     SeeInvis +     a - +3 dagger
rCold  + . .     Clarity  .     i - +1 robe of Freedom {Str+6}
rNeg   + . .     SustAt   .     (shield restricted)
rPois  +         Gourm    .     (helmet restricted)
rElec  +         Spirit   .     o - +2 cloak {MR+}
rCorr  +         Warding  +     (gloves unavailable)
rMut   .         NoTele   +     (boots unavailable)
MR     ++...                    k - amulet "Jiacej Nyorr" {Ward +Inv rN+ Str+2 Stlth+}
Stlth  ++++++++++               l - ring of flight
                                y - ring "Ickashroh" {EV+4 Str+9 Dex+4}

@: resistant, very slightly contaminated, wreathed by umbra, invisible
(expiring), very quick, very resistant to hostile enchantments, uncannily
stealthy
A: unfitting armour, see invisible, herbivore 3, speed 3, slow metabolism 2
a: Shadow Step, Shadow Form, Renounce Religion, Turn Visible, Evoke Flight


You were in the Dungeon.
You worshipped Dithmenos.
Dithmenos was exalted by your worship.
You were not hungry.

You visited 1 branch You collected 2135 gold pieces.
You spent 1097 gold pieces at shops.

Inventory:

Hand weapons
 a - a +3 dagger (weapon)
Missiles
 c - 2 throwing nets (quivered)
Armour
 i - the +1 robe of Freedom (worn) {Str+6}
   (You bought it in a shop in the Dungeon)

   It affects your strength (+6).
 o - a +2 cloak of magic resistance (worn)
 D - a +0 ice dragon armour
Jewellery
 f - an uncursed ring of protection from magic
 k - the amulet "Jiacej Nyorr" (around neck) {Ward +Inv rN+ Str+2 Stlth+}
   (You bought it in a shop in the Dungeon)

   [amulet of warding]

   It may prevent the melee attacks of summoned creatures.
   It affects your strength (+2).
   It protects you from negative energy.
   It lets you turn invisible.
   It makes you more stealthy.
 l - a ring of flight (right hand)
 y - the ring "Ickashroh" (left hand) {EV+4 Str+9 Dex+4}
   (You found it in the Dungeon)

   [ring of evasion]

   It affects your evasion (+4).
   It affects your strength (+9).
   It affects your dexterity (+4).
Scrolls
 e - 2 scrolls of enchant armour
 j - 3 scrolls of blinking
 m - a scroll of fog
 n - a scroll of random uselessness {unknown}
 s - a scroll of amnesia {unknown}
 v - a scroll of immolation
 w - a scroll of magic mapping {unknown}
Potions
 g - 5 potions of haste
 h - 4 potions of magic
 q - 3 potions of agility
 r - 2 potions of ambrosia
 t - a potion of invisibility {unknown}
 u - 2 potions of resistance
 x - a potion of might
 z - a potion of cancellation {unknown}
 A - a potion of curing
 B - 3 potions of cure mutation {unknown}
Books
 C - a book of Necromancy

   Spells                             Type                      Level
   a - Pain                           Necromancy                   1
   b - Animate Skeleton               Necromancy                   1
   c - Vampiric Draining              Necromancy                   3
   d - Regeneration                   Charms/Necromancy            3
   e - Animate Dead                   Necromancy                   4
   f - Control Undead                 Necromancy                   4
Comestibles
 d - 2 bread rations


   Skills:
 * Level 13.2 Short Blades
 + Level 13.9 Dodging
 * Level 20.3 Stealth
 * Level 14.3 Spellcasting
 + Level 6.6 Conjurations
 + Level 12.3 Hexes
 + Level 0.0 Charms
 + Level 0.0 Necromancy
 + Level 7.1 Ice Magic
 + Level 5.5 Invocations
 + Level 7.9 Evocations


You had 10 spell levels left.
You knew the following spells:

 Your Spells              Type           Power        Failure   Level  Hunger
a - Corona                Hex            ######.      1%          1    None
b - Ensorcelled Hibernat  Hex/Ice        #####.       1%          2    None
c - Confuse               Hex            ######..     1%          3    None
d - Tukima's Dance        Hex            ######..     1%          3    None
e - Dazzling Spray        Conj/Hex       #####...     1%          3    None
f - Animate Skeleton      Necr           N/A          6%          1    None
g - Pain                  Necr           ##..         6%          1    None
h - Regeneration          Chrm/Necr      ##........   17%         3    None
i - Vampiric Draining     Necr           ##........   17%         3    None
j - Animate Dead          Necr           N/A          58%         4    #......
k - Control Undead        Necr           ##........   58%         4    #......


Dungeon Overview and Level Annotations

Branches:
Dungeon (1/1)

Altars:
Cheibriados
Dithmenos
Elyvilon
Fedhas
Gozag
Kikubaaqudgha
Makhleb
Nemelex Xobeh
Okawaru
Qazlal
Ru
Sif Muna
Trog
Vehumet
Xom
Yredelemnul
Zin
The Shining One
Beogh
Jiyva
Lugonu

Shops:
D :?=?!}[:([!!=?[%

Annotations:
D exclusion: oklob plant, Roxanne


Innate Abilities, Weirdness & Mutations

You are tiny and cannot use many weapons and most armour.
You have supernaturally acute eyesight.
You are a herbivore.
You cover ground extremely quickly.
You need consume almost no food.


Message History

The electric golem misses you.
The electric golem completely misses you.
You hit the electric golem.
The electric golem is lightly damaged.
You flicker for a moment.
The electric golem hits you! The electric golem shocks you!!
You emit a cloud of dark smoke.
The electric golem completely misses you.
The electric golem hits you. The electric golem barely misses you.
The electric golem hits you but does no damage.
The electric golem closely misses you. The electric golem misses you.
The electric golem completely misses you.
Drink which item? (? for menu, Esc to quit)
You feel protected. The electric golem hits you. The electric golem shocks you.
You resist.
* * * LOW HITPOINT WARNING * * *
The electric golem hits you!
* * * LOW HITPOINT WARNING * * *
The electric golem shocks you. You resist.
You die...

#.%..%..=▓ +####%%......▓ ▓▓▓
§§§≈≈≈≈##⌠....#'▓ ..▓
§§≈≈≈≈§##[..%#.$▓▓▓+▓▓▓▓.▓
§§8≈≈≈..##''##88E+.§§▓0..▓
§§≈≈≈≈##≈...###E#§§.▓▓▓▓▓▓▓▓▓▓ #
§§≈≈ #)§.§§§.#.#.§§▓§§§§≈≈≈≈▓
#+++#+++#####§§8§#!##})▓▓▓▓▓▓▓▓▓▓
.........#%.+§§§@#..#=§▓.....).!▓
≈.##+##..#.%####§#%.#§=▓..[..).%▓
≈##...##.####%(+.##.#:|▓)..)....▓
≈#..#).# ...#.%#...####▓........▓
###...####..#####..##.#▓.[[).[..▓
.###'###.##..#..+..#..#▓%(..).).▓
..##.##.#.#..#..#.^#..#▓).%)(.()▓
#.'.<.'###+..####..##)#▓()......▓
#.##.##.#.#....###...##▓▓▓▓▓▓▓+▓▓


You could see an electric golem.

Vanquished Creatures
  A deep elf master archer (D)
  A kraken (D)
  A crystal guardian (D)
  A fire dragon (D)
  An ice dragon (D)
  2 death drakes (D)
  2 unseen horrors (D)
  2 deep trolls (D)
  A siren (D)
  2 spiny frogs (D)
  A yaktaur (D)
  3 polar bears (D)
  3 yaks (D)
  2 redbacks (D)
  2 wyverns (D)
  5 hippogriffs (D)
  Menkaure (D)
  3 soldier ants (D)
  2 swamp drakes (D)
  4 necrophages (D)
  A wasp (D)
  4 brain worms (D)
  4 crocodiles (D)
  A hell rat (D)
50 creatures vanquished.

Vanquished Creatures (others)
  A flying skull (D)
1 creature vanquished.

Grand Total: 51 creatures vanquished

Notes
Turn   | Place    | Note
--------------------------------------------------------------
     0 | D        | Kidiri the Spriggan Enchanter began the quest for the Orb.
     0 | D        | Reached XP level 1. HP: 9/9 MP: 5/5
     1 | D        | Noticed a siren
     4 | D        | Noticed a brain worm
     4 | D        | Noticed a brain worm
     4 | D        | Noticed a brain worm
     4 | D        | Noticed a brain worm
     7 | D        | Noticed a necrophage
     7 | D        | Noticed a necrophage
     7 | D        | Noticed a necrophage
     7 | D        | Noticed a necrophage
    19 | D        | Killed a necrophage
    19 | D        | Reached skill level 5 in Dodging
    19 | D        | Reached skill level 8 in Stealth
    19 | D        | Reached skill level 5 in Hexes
    19 | D        | Reached XP level 2. HP: 13/13 MP: 5/8
    19 | D        | Reached XP level 3. HP: 16/16 MP: 6/10
    19 | D        | Reached XP level 4. HP: 21/21 MP: 6/11
    23 | D        | Killed a necrophage
    23 | D        | Reached skill level 10 in Stealth
    23 | D        | Reached skill level 5 in Spellcasting
    23 | D        | Reached XP level 5. HP: 22/24 MP: 7/14
    29 | D        | Killed a necrophage
    29 | D        | Reached skill level 5 in Short Blades
    29 | D        | Reached skill level 11 in Stealth
   123 | D        | Killed a necrophage
   123 | D        | Reached skill level 12 in Stealth
   123 | D        | Reached XP level 6. HP: 4/28 MP: 12/17
   354 | D        | Learned a level 2 spell: Ensorcelled Hibernation
   358 | D        | Learned a level 3 spell: Confuse
   362 | D        | Learned a level 3 spell: Tukima's Dance
   366 | D        | Learned a level 3 spell: Dazzling Spray
   385 | D        | Noticed a hippogriff
   385 | D        | Noticed a hippogriff
   391 | D        | Killed a brain worm
   391 | D        | Reached skill level 1 in Conjurations
   391 | D        | Reached skill level 1 in Ice Magic
   392 | D        | Killed a brain worm
   392 | D        | Reached skill level 13 in Stealth
   394 | D        | Killed a brain worm
   394 | D        | Reached XP level 7. HP: 32/32 MP: 19/19
   395 | D        | Killed a brain worm
   416 | D        | Killed a siren
   416 | D        | Reached skill level 14 in Stealth
   437 | D        | Killed a hippogriff
   437 | D        | Reached skill level 10 in Dodging
   437 | D        | Reached XP level 8. HP: 36/36 MP: 19/21
   448 | D        | Killed a hippogriff
   448 | D        | Reached skill level 15 in Stealth
   461 | D        | Noticed Roxanne
   463 | D        | Noticed Menkaure
   464 | D        | Found Nuurghad's Food Shoppe.
   465 | D        | Killed Menkaure
   480 | D        | Noticed an orange crystal statue
   484 | D        | Found Elephac's Antique Armour Emporium.
   485 | D        | Found Julal's Jewellery Shoppe.
   486 | D        | Found Coguogao's Antique Armour Shoppe.
   486 | D        | Found Xiviupheobe's Antique Weapon Emporium.
   486 | D        | Found Ylidwuu's Book Shoppe.
   487 | D        | Noticed a hell rat
   489 | D        | Killed a hell rat
   493 | D        | Found Miox's Gadget Emporium.
   493 | D        | Found Pipp's Distillery.
   495 | D        | Found Qevout's Distillery.
   495 | D        | Found Dawnuo's Magic Scroll Emporium.
   496 | D        | Found Duetixac's Jewellery Shoppe.
   496 | D        | Found Atitz's Magic Scroll Emporium.
   496 | D        | Found Kasheacs's Magic Scroll Shoppe.
   496 | D        | Found Daunk's Armour Emporium.
   497 | D        | Found Zofeu's Distillery.
   499 | D        | Noticed a great orb of eyes
   499 | D        | Noticed an oklob plant
   500 | D        | Found Jeifrijoem's Book Shoppe.
   502 | D        | Noticed a slime creature
   504 | D        | Noticed a slime creature
   505 | D        | Noticed a slime creature
   509 | D        | Noticed a black bear
   540 | D        | Bought a slimy robe for 136 gold pieces
   550 | D        | Identified the cursed +1 robe of Freedom {Str+6} (You bought it in a shop in the Dungeon)
   554 | D        | Bought the amulet "Jiacej Nyorr" {Ward +Inv rN+ Str+2 Stlth+} for 360 gold pieces
   561 | D        | Noticed a black bear
   567 | D        | Bought an uncursed ring of flight for 175 gold pieces
   589 | D        | Noticed a kraken
   638 | D        | Killed a kraken
   638 | D        | Reached skill level 17 in Stealth
   638 | D        | Reached skill level 10 in Spellcasting
   638 | D        | Reached skill level 10 in Hexes
   638 | D        | Reached XP level 9. HP: 16/39 MP: 22/24
   840 | D        | Noticed a flying skull
   840 | D        | Noticed a flying skull
   840 | D        | Noticed a flying skull
   840 | D        | Noticed a flying skull
   841 | D        | Noticed a flying skull
   841 | D        | Noticed a flying skull
   842 | D        | Noticed a flying skull
   842 | D        | Noticed a flying skull
   842 | D        | Noticed a flying skull
   842 | D        | Noticed a flying skull
   842 | D        | Noticed a flying skull
   842 | D        | Noticed a flying skull
   843 | D        | Found a white marble altar of Elyvilon.
  1046 | D        | Found a bloodstained altar of Trog.
  1047 | D        | Found a burning altar of Makhleb.
  1047 | D        | Found a basalt altar of Yredelemnul.
  1047 | D        | Found a glowing silver altar of Zin.
  1048 | D        | Found a shadowy altar of Dithmenos.
  1048 | D        | Found a snail-covered altar of Cheibriados.
  1048 | D        | Found a glowing golden altar of the Shining One.
  1049 | D        | Found a sparkling altar of Nemelex Xobeh.
  1049 | D        | Found a stormy altar of Qazlal.
  1049 | D        | Found a radiant altar of Vehumet.
  1050 | D        | Found an iron altar of Okawaru.
  1050 | D        | Found a shimmering altar of Xom.
  1051 | D        | Found a viscous altar of Jiyva.
  1051 | D        | Found a corrupted altar of Lugonu.
  1051 | D        | Found a sacrificial altar of Ru.
  1051 | D        | Found a deep blue altar of Sif Muna.
  1051 | D        | Noticed a polar bear
  1052 | D        | Noticed a yaktaur
  1052 | D        | Noticed a wasp
  1053 | D        | Noticed a polar bear
  1053 | D        | Noticed a polar bear
  1064 | D        | Killed a polar bear
  1064 | D        | Reached skill level 1 in Evocations
  1071 | D        | Killed a polar bear
  1071 | D        | Reached skill level 10 in Short Blades
  1071 | D        | Reached skill level 5 in Ice Magic
  1081 | D        | Killed a wasp
  1084 | D        | Killed a polar bear
  1086 | D        | HP: 1/39 [yaktaur (6)]
  1089 | D        | Killed a yaktaur
  1485 | D        | Found an ancient bone altar of Kikubaaqudgha.
  1485 | D        | Found a roughly hewn altar of Beogh.
  1486 | D        | Found a blossoming altar of Fedhas.
  1486 | D        | Found an opulent altar of Gozag.
  1490 | D        | Became a worshipper of Dithmenos the Shadowed
  1501 | D        | Noticed a crocodile
  1504 | D        | Noticed a crocodile
  1511 | D        | Killed a crocodile
  1655 | D        | Noticed a crocodile
  1655 | D        | Killed a crocodile
  1655 | D        | Reached skill level 1 in Invocations
  1657 | D        | Noticed a crocodile
  1658 | D        | Killed a crocodile
  1658 | D        | Reached XP level 10. HP: 44/44 MP: 19/26
  1667 | D        | Killed a crocodile
  1674 | D        | Noticed a flying skull
  1678 | D        | Noticed a flying skull
  1678 | D        | Noticed a flying skull
  1678 | D        | Noticed a flying skull
  1678 | D        | Noticed a flying skull
  1678 | D        | Noticed a flying skull
  1759 | D        | Noticed a death drake
  1759 | D        | Noticed a swamp drake
  1764 | D        | Noticed a death drake
  1764 | D        | Noticed a crystal guardian
  1764 | D        | Noticed a swamp drake
  1765 | D        | Killed a swamp drake
  1767 | D        | Killed a crystal guardian
  1767 | D        | Acquired Dithmenos's first power
  1767 | D        | Reached skill level 18 in Stealth
  1767 | D        | Reached skill level 5 in Conjurations
  1768 | D        | Killed a death drake
  1770 | D        | Killed a death drake
  1771 | D        | Killed a swamp drake
  1986 | D        | Noticed a wyvern
  1986 | D        | Noticed a wyvern
  1988 | D        | Killed a wyvern
  1990 | D        | Killed a wyvern
  1990 | D        | Acquired Dithmenos's second power
  2003 | D        | Noticed a redback
  2004 | D        | Noticed a redback
  2005 | D        | Killed a redback
  2005 | D        | Reached skill level 5 in Evocations
  2007 | D        | Killed a redback
  2021 | D        | Noticed a deep elf master archer
  2024 | D        | Noticed a soldier ant
  2024 | D        | Noticed a soldier ant
  2024 | D        | Noticed a soldier ant
  2026 | D        | Killed a soldier ant
  2028 | D        | Killed a soldier ant
  2028 | D        | Acquired Dithmenos's third power
  2029 | D        | Killed a soldier ant
  2042 | D        | Killed a deep elf master archer
  2042 | D        | Reached skill level 19 in Stealth
  2042 | D        | Reached XP level 11. HP: 47/47 MP: 26/29
  2116 | D        | Noticed a deep troll
  2116 | D        | Noticed a deep troll
  2119 | D        | Killed a deep troll
  2120 | D        | Killed a deep troll
  2157 | D        | Killed a flying skull
  2517 | D        | Bought a scroll of enchant armour for 75 gold pieces
  2517 | D        | Bought a scroll of enchant armour for 75 gold pieces
  2517 | D        | Bought a scroll of enchant weapon for 75 gold pieces
  2517 | D        | Bought a scroll of enchant armour for 75 gold pieces
  2520 | D        | Bought a +0 cloak of magic resistance for 126 gold pieces
  2585 | D        | Noticed a spiny frog
  2585 | D        | Noticed an unseen horror
  2585 | D        | Noticed a yak
  2585 | D        | Noticed a yak
  2585 | D        | Noticed an ice dragon
  2585 | D        | Noticed a spiny frog
  2585 | D        | Noticed an unseen horror
  2585 | D        | Noticed a yak
  2585 | D        | Noticed a fire dragon
  2585 | D        | Noticed a hippogriff
  2585 | D        | Noticed a hippogriff
  2585 | D        | Noticed a hippogriff
  2588 | D        | Killed a fire dragon
  2588 | D        | Acquired Dithmenos's fourth power
  2589 | D        | Killed a hippogriff
  2591 | D        | Killed an unseen horror
  2591 | D        | Reached skill level 5 in Invocations
  2592 | D        | Killed a yak
  2594 | D        | Killed an unseen horror
  2595 | D        | Killed a yak
  2595 | D        | Reached skill level 20 in Stealth
  2597 | D        | Killed a yak
  2599 | D        | Killed a hippogriff
  2601 | D        | Killed an ice dragon
  2606 | D        | Killed a spiny frog
  2608 | D        | Killed a spiny frog
  2612 | D        | Killed a hippogriff
  2659 | D        | Got a clouded silver ring
  2661 | D        | Identified the ring "Ickashroh" {EV+4 Str+9 Dex+4} (You found it in the Dungeon)
  2694 | D        | Learned a level 1 spell: Animate Skeleton
  2696 | D        | Learned a level 1 spell: Pain
  2700 | D        | Learned a level 3 spell: Regeneration
  2704 | D        | Learned a level 3 spell: Vampiric Draining
  2709 | D        | Learned a level 4 spell: Animate Dead
  2714 | D        | Learned a level 4 spell: Control Undead
  2719 | D        | Noticed an electric golem
  2719 | D        | Noticed an iron golem
  2719 | D        | Noticed a toenail golem
  2719 | D        | Noticed an earth elemental
  2719 | D        | Noticed an earth elemental
  2779 | D        | HP: 2/47 [electric golem (12)]
  2779 | D        | Slain by an electric golem

Vault maps used:
D:        the_violet_keep_of_menkaure

Action                   |  1- 3 |  4- 6 |  7- 9 | 10-12 || total
-------------------------+-------+-------+-------+-------++-------
Melee: Dagger            |     8 |    42 |    52 |    30 ||   132
 Cast: Corona            |       |     5 |       |       ||     5
       Ensorcelled Hiber |       |       |    13 |       ||    13
       Confuse           |       |       |     6 |       ||     6
       Dazzling Spray    |       |       |     3 |       ||     3
       Pain              |       |       |       |     1 ||     1
 Abil: Evoke Flight      |       |       |     4 |     2 ||     6
       Evoke Invisibilit |       |       |       |     5 ||     5
  Use: Potion            |     1 |       |     3 |     1 ||     5
       Scroll            |       |       |     5 |     9 ||    14
 Stab: Sleeping          |       |     2 |    10 |    28 ||    40
       Distracted        |       |     1 |       |       ||     1
       Confused          |       |       |     8 |       ||     8
       Invisible         |       |       |     2 |       ||     2
  Eat: Bread ration      |       |       |       |     1 ||     1
